 Dungeon Crawl Stone Soup version 0.22-a0-181-gb22368a (webtiles) character file.

55 MatthieuS the Gusty (level 3, -1/28 HPs)
             Began as a Centaur Air Elementalist on Feb 14, 2018.
             Slain by an adder (3 damage)
             ... on level 2 of the Dungeon.
             The game lasted 00:05:21 (1878 turns).

MatthieuS the Gusty (Centaur Air Elementalist)      Turns: 1878, Time: 00:05:21

Health: -1/28      AC:  4    Str:  7 (10) XL:     3   Next: 67%
Magic:  1/5        EV: 10    Int: 14 (15) God:
Gold:   112        SH:  0    Dex:  7 (9)  Spells: 4/5 levels left

rFire    . . .     SeeInvis .   w - +0 hunting sling
rCold    . . .     Gourm    .   (no shield)
rNeg     . . .     Faith    .   j - +0 robe
rPois    .         Spirit   .   (no helmet)
rElec    .         Reflect  .   (no cloak)
rCorr    .         Harm     .   (no gloves)
MR       .....                  (no barding)
Stlth    +.........             (no amulet)
HPRegen  0.09/turn              (no ring)
MPRegen  0.09/turn              (no ring)

@: lethally poisoned (-1 -> -4), very quick
A: large, hooves 3, deformed body, speed 2, tough skin 3
a: no special abilities


You were on level 2 of the Dungeon.
You were hungry.

You visited 1 branch of the dungeon, and saw 2 of its levels.

You collected 112 gold pieces.

Inventory:

Hand Weapons
 a - a +1 dagger of protection
 w - a +0 hunting sling (weapon)
Missiles
 l - 58 stones (quivered)
 m - 14 arrows
Armour
 j - a +0 robe (worn)
Scrolls
 d - a scroll of blinking {unknown}
 g - 2 scrolls of magic mapping {unknown}
 h - 2 scrolls of enchant weapon {unknown}
 n - a scroll of identify {unknown}
 o - 2 scrolls of amnesia {unknown}
 p - 2 scrolls of remove curse {unknown}
 r - a scroll of fog {unknown}
Potions
 q - a potion of agility {unknown}
Books
 b - a book of Air

   Spells                             Type                      Level
   a - Shock                          Conjuration/Air              1
   b - Swiftness                      Charms/Air                   2
   c - Static Discharge               Conjuration/Air              3
   d - Airstrike                      Air                          4
   e - Lightning Bolt                 Conjuration/Air              5
Comestibles
 c - 4 rations


   Skills:
 + Level 1.1 Fighting
 + Level 1.7 Dodging
 - Level 1.1 Stealth
 + Level 1.8 Spellcasting
 * Level 1.9 Conjurations
 * Level 3.1 Air Magic


You had 4 spell levels left.
You knew the following spells:

 Your Spells              Type           Power        Failure   Level  Hunger
a - Shock                 Conj/Air       #...         9%          1    ##.....


Dungeon Overview and Level Annotations

Branches:
Dungeon (2/15)

Altars:

Annotations:
D:2 Robin


Innate Abilities, Weirdness & Mutations

You have hooves in place of feet.
Armour fits poorly on your strangely shaped body.
You cover ground very quickly.
You have extremely tough skin. (AC +3)


Message History

The adder closely misses you. The adder bites you but does no damage.
It was a potion of brilliance.
You feel clever all of a sudden.
You feel sick. The adder barely misses you.
It was a potion of might.
You feel very mighty all of a sudden. The adder bites you.
* * * LOW HITPOINT WARNING * * *
It was a potion of cancellation.
Your magical effects are unravelling.
You feel magically purged.
Your magical contamination has completely faded away.
You feel a little less mighty now.
You feel a little less clever now. The adder barely misses you. x2
It was a potion of degeneration.
There was something very wrong with that liquid.
You feel weakened.
You feel dopey.
You feel clumsy.
* * * LOW HITPOINT WARNING * * *
You feel sick. The adder bites you.
You die...

........#
.(######.# #(# #..#
#(# #.## #. #(# #.#
.# ##(# #.# #..#.
.g# #.# ## #.#.#
#S# #.# .##
#.#.####@# #.# ..#
#.....##.# #.# )##
#.....##.#####.# .#
##..............#
)###
##...>..##.#######
...# ##..)....##.#
##.###.......###.##
#...).รท).........#
##.###......)###..#


You could see an adder and a hobgoblin.

Vanquished Creatures
  4 dart slugs
  2 ball pythons (D:1)
  2 giant cockroaches
  14 goblins
  6 hobgoblins
  A quokka (D:2)
  3 bats (D:1)
  4 frilled lizards
  5 kobolds
  2 rats (D:1)
43 creatures vanquished.

Notes
Turn   | Place    | Note
-------+----------+-------------------------------------------
     0 | D:1      | MatthieuS the Centaur Air Elementalist began the quest for the Orb.
     0 | D:1      | Reached XP level 1. HP: 14/14 MP: 3/3
    59 | D:1      | Reached skill level 1 in Conjurations
   280 | D:1      | Reached XP level 2. HP: 22/22 MP: 1/4
   864 | D:1      | Reached skill level 3 in Air Magic
  1238 | D:2      | Reached XP level 3. HP: 27/27 MP: 2/5
  1296 | D:2      | Reached skill level 1 in Fighting
  1473 | D:2      | Noticed Robin
  1878 | D:2      | Slain by an adder

Vault maps used:
D:1:      shiori_arrival_oz
D:2:      nicolae_overflow_crystal_walls, uniq_robin

Skill      XL: |  1  2  3 |
---------------+----------+-----
Conjurations   | 1 |  1.9
Air Magic      | 3 |  3.1
Fighting       | 1 |  1.1
Dodging        | |  1.7
Stealth        | |  1.1
Spellcasting   | |  1.8

Action                   || total
-------------------------++-------
Melee: Unarmed           ||    14
       Dagger            ||     6
 Fire: Hunting sling     ||    77
 Cast: Shock             ||    63
  Use: Potion            ||     4
  Eat: Chunk             ||     3
Armor: Robe              ||    15
Dodge: Dodged            ||    49

Table legend:
 A = Spawn XP
 B = Non-spawn XP
 C = Spawn XP percentage of total XP
 D = Spawn monster count
 E = Non-spawn monster count
 F = Spawn count percentage of total count
 G = Total turns spent on level
                    A         B        C        D         E        F      G
               +---------+---------+-------+---------+---------+-------+---------
         Total |       0 |      79 |   0.0 |       0 |      43 |   0.0 |  1878
               +---------+---------+-------+---------+---------+-------+---------
           D:1 |       0 |      30 |   0.0 |       0 |      18 |   0.0 |  1086
           D:2 |       0 |      49 |   0.0 |       0 |      25 |   0.0 |   792
               +---------+---------+-------+---------+---------+-------+---------
